Map: Tours du crépuscule

Players

TakeMyEnergy - Winner!

  • Race: Terran Terran
  • League: Platinum

Elirso

  • Race: Protoss Protoss
  • League: Platinum

VOD

Have the link to the VOD?

Description

Marines tank push 2...

Time

  • Played on: Dec. 5, 2015, 9:14 a.m.
  • Length: 5:43
Show
View Real Time Build Order
Export as new Build Order

TakeMyEnergy Terran - Winner!

Build Orders: Liberator Opening 

Get SALT Encoding   

  12  0:03  SCV  
  13  0:15  SCV  
  13  0:19  Supply Depot  
  14  0:27  SCV  
  15  0:41  SCV  
  16  0:42  Barracks  
  16  0:49  Refinery  
  16  0:53  SCV  
  17  1:05  SCV  
  18  1:17  SCV  
  19  1:30  Orbital Command  
  19  1:32  Barracks Reactor  
  19  1:50  Refinery  
  19  1:56  SCV  
  19  1:57  Supply Depot  
  20  2:09  Factory  
  20  2:10  Marine x2  
  20  2:11  SCV  
  23  2:23  SCV  
  23  2:27  Marine  
  23  2:28  Marine  
  26  2:35  SCV  
  27  2:45  Marine x2  
  27  2:50  Supply Depot  
  30  2:53  Factory Tech Lab  
  29  3:00  Starport  
  29  3:03  Marine x2  
  31  3:10  Supply Depot  
  31  3:12  SCV  
  32  3:13  Supply Depot  
  32  3:14  Siege Tank  
  35  3:21  Marine x2  
  35  3:22  Liberator  
  35  3:25  SCV  
  38  3:41  Marine x2  
  41  3:45  Supply Depot  
  43  3:49  Siege Tank  
  43  3:55  Supply Depot  
  46  3:59  Marine x2  
  48  4:16  Marine  
  48  4:17  Marine  
  48  4:21  Siege Tank  
  53  4:26  Liberator  
  56  4:47  Command Center  
  56  4:57  Marine x2  
  58  5:13  Bunker  
  58  5:19  Bunker  
Show
View Real Time Build Order
Export as new Build Order

Elirso Protoss 

Build Orders: 1 Gate Expand 

Get SALT Encoding   

  12  0:01  Probe (Chrono Boost)  
  13  0:15  Pylon  
  13  0:18  Probe (Chrono Boost)  
  15  0:28  Probe (Chrono Boost)  
  15  0:36  Gateway  
  15  0:39  Probe (Chrono Boost)  
  16  0:46  Assimilator  
  16  0:49  Probe (Chrono Boost)  
  17  1:00  Probe (Chrono Boost)  
  18  1:10  Probe (Chrono Boost)  
  19  1:26  Nexus  
  19  1:28  Probe (Chrono Boost)  
  20  1:42  Cybernetics Core  
  20  1:47  Probe (Chrono Boost)  
  21  1:54  Assimilator  
  21  1:57  Pylon  
  21  1:59  Probe (Chrono Boost)  
  22  2:09  Probe (Chrono Boost)  
  22  2:12  Gateway  
  23  2:19  Warp Gate  
  23  2:20  Probe (Chrono Boost)  
  24  2:25  Adept  
  26  2:36  Mothership Core (Chrono Boost)  
  28  2:38  Probe (Chrono Boost)  
  29  2:47  Pylon  
  29  2:49  Probe (Chrono Boost)  
  30  2:54  Probe (Chrono Boost)  
  31  2:59  Adept  
  33  3:09  Probe (Chrono Boost)  
  33  3:10  Probe (Chrono Boost), Robotics Facility  
  35  3:20  Probe x2 (Chrono Boost)  
  35  3:24  Gateway  
  37  3:31  Gateway  
  37  3:32  Probe (Chrono Boost)  
  39  3:34  Probe (Chrono Boost)  
  39  3:45  Twilight Council  
  39  3:50  Pylon  
  39  3:51  Probe (Chrono Boost)  
  39  3:52  Probe (Chrono Boost)  
  41  3:57  Observer  
  41  4:02  Probe x2 (Chrono Boost)  
  44  4:04  Assimilator  
  44  4:12  Probe (Chrono Boost)  
  44  4:14  Probe (Chrono Boost)  
  46  4:18  Warp Prism  
  46  4:23  Probe (Chrono Boost)  
  49  4:27  Adept x2  
  49  4:28  Probe  
  54  4:35  Probe  
  54  4:37  Forge  
  54  4:38  Gateway  
  55  4:44  Probe  
  56  4:46  Pylon  
  56  4:47  Probe  
  56  4:50  Adept x2  
  61  5:05  Pylon  
  61  5:07  Assimilator  
  61  5:12  Pylon  
  61  5:19  Adept x4  
Tags
 
Add a new tag
Caveats
  • Supply blocks, unpowered buildings, or Contaminate may cause inaccurate times.
  • Supply counts are checked every 10 seconds.